 Dungeon Crawl Stone Soup version 0.17-a0-2002-g92c7e20 (webtiles) character file.

310 wvc the Ducker (level 6, -27/30 HPs)
             Began as a Spriggan Gladiator on Oct 8, 2015.
             Annihilated by an ogre
             ... wielding a +0 giant club
              (29 damage)
             ... on level 4 of the Dungeon.
             The game lasted 00:06:16 (3602 turns).

wvc the Ducker (Spriggan Gladiator)                 Turns: 3602, Time: 00:06:16

Health: -27/30     AC:  5    Str: 13    XL:     6   Next: 18%
Magic:  7/7        EV: 21    Int:  9    God:
Gold:   168        SH:  0    Dex: 17    Spells: 0 memorised, 5 levels left

rFire  . . .     SeeInvis +     a - +0 quarterstaff
rCold  . . .     Clarity  +     b - +0 robe
rNeg   . . .     SustAt   .     (shield restricted)
rPois  .         Gourm    .     c - +0 hat
rElec  .         Spirit   .     (no cloak)
rCorr  .         Warding  .     (gloves unavailable)
rMut   .         Stasis   .     (boots unavailable)
MR     +....                    (no amulet)
Stlth  ++........               (no ring)
                                q - +3 ring of protection

@: very quick, somewhat resistant to hostile enchantments, unstealthy
A: unfitting armour, see invisible, clarity, herbivore 3, speed 3, screaming 1,
slow metabolism 2, no device heal 1
a: no special abilities


You were on level 4 of the Dungeon.
You were hungry.

You visited 1 branch of the dungeon, and saw 4 of its levels.

You collected 168 gold pieces.

Inventory:

Hand Weapons
 a - a +0 quarterstaff (weapon)
 u - a +0 blowgun
Missiles
 d - a throwing net (quivered)
 r - 20 poisoned needles
Armour
 b - a +0 robe (worn)
 c - a +0 hat (worn)
Magical Staves
 w - an uncursed staff of cold
Jewellery
 i - an uncursed ring of ice
 q - a +3 ring of protection (left hand)
Scrolls
 f - a scroll of teleportation
 g - a scroll of fear
 k - a scroll of remove curse
 t - a scroll of fog
Potions
 h - 2 potions of heal wounds
 j - a potion of agility
 l - 2 potions of flight
 m - a potion of cancellation
 n - a potion of invisibility {unknown}
 o - 2 potions of curing
 p - a potion of haste {unknown}
 s - 2 potions of lignification
Comestibles
 e - 5 bread rations


   Skills:
 + Level 1.7 Fighting
 * Level 5.0 Staves
 - Level 2.0 Throwing
 + Level 5.3 Dodging


You had 5 spell levels left.
You didn't know any spells.

Dungeon Overview and Level Annotations

Branches:
Dungeon (4/15)
 Temple: D:4-7

Altars:

Annotations:
D:4 Grinder


Innate Abilities, Weirdness & Mutations

You are tiny and cannot use many weapons and most armour.
You have supernaturally acute eyesight.
You are a herbivore.
You cover ground extremely quickly.
You need consume almost no food.
You possess an exceptional clarity of mind.
You occasionally shout uncontrollably at your foes.
Potions and wands are less effective at restoring your health.


Message History

Grinder is heavily wounded.
Grinder gestures at you. You resist with significant effort.
The ogre completely misses you. Grinder gestures at you.
Pain shoots through your body!
Throwing (i - inventory):
d - 2 throwing nets (quivered)
Press: ? - help, Shift-Dir - straight line, f/p - Grinder
Aim: Grinder (heavily wounded)
You throw a throwing net. The throwing net hits Grinder.
Grinder is caught in the net!
Grinder is heavily wounded.
The ogre hits you with a giant club!
* * * LOW HITPOINT WARNING * * *
Grinder gestures at you.
You easily resist.
Grinder struggles to escape the net.
You thump Grinder!
Grinder is severely wounded.
The ogre hits you with a giant club!!
Ouch! That really hurt!
You die...

#######.####.##
#......##.(#
#......###.##
#.....(# #..#
#......# ##.#
'......# #.##
.#.....5# #..#
#.%....# ##O##
######## #.@# #.#
##5# #.# #.#####.#
#(†##.#.# ##.##.#.#
#..#.#.#
######..#.#.#
##...##....#.#######
#....'.............#


You could see Grinder (caught) and an ogre.

Vanquished Creatures
  2 ogres (D:4)
  A worker ant (D:4)
  3 gnolls (D:2)
  4 adders
  A worm (D:3)
  2 giant geckos
  2 orcs
  4 giant cockroaches
  6 goblins
  7 hobgoblins
  2 jackals (D:1)
  7 kobolds
  8 bats
  3 giant newts
  7 rats
59 creatures vanquished.

Notes
Turn   | Place    | Note
--------------------------------------------------------------
     0 | D:1      | wvc the Spriggan Gladiator began the quest for the Orb.
     0 | D:1      | Reached XP level 1. HP: 10/10 MP: 2/2
   235 | D:1      | Reached XP level 2. HP: 14/14 MP: 3/3
  1253 | D:2      | Reached XP level 3. HP: 18/18 MP: 4/4
  1769 | D:2      | Reached XP level 4. HP: 3/22 MP: 5/5
  2508 | D:2      | Gained mutation: You possess an exceptional clarity of mind. [potion of mutation]
  2508 | D:2      | Gained mutation: Potions and wands are less effective at restoring your health. [potion of mutation]
  2508 | D:2      | Gained mutation: You occasionally shout uncontrollably at your foes. [potion of mutation]
  3357 | D:4      | Noticed an ogre
  3367 | D:4      | Killed an ogre
  3367 | D:4      | Reached XP level 5. HP: 25/25 MP: 6/6
  3371 | D:4      | Noticed Grinder
  3371 | D:4      | Noticed an ogre
  3434 | D:4      | Killed an ogre
  3434 | D:4      | Reached skill level 5 in Staves
  3434 | D:4      | Reached skill level 5 in Dodging
  3434 | D:4      | Reached XP level 6. HP: 30/30 MP: 7/7
  3568 | D:4      | Noticed an ogre
  3602 | D:4      | Annihilated by an ogre

Vault maps used:
D:1:      lemuel_arrival_river_ford, serial_park_tiny_2
D:2:      kennysheep_generic_room_13
D:3:      first_bread, kennysheep_big_empty_room
D:4:      led_xom_imps, kennysheep_windowed_goal, uniq_grinder

Action                   |  1- 3 |  4- 6 || total
-------------------------+-------+-------++-------
Melee: Quarterstaff      |    98 |   120 ||   218
 Fire: Blowgun           |       |    10 ||    10
Throw: Throwing net      |       |     6 ||     6
  Use: Scroll            |       |    13 ||    13
       Potion            |       |     1 ||     1
 Stab: Sleeping          |     1 |     2 ||     3
       Held in net/web   |       |     2 ||     2
